 Dungeon Crawl Stone Soup version 0.29.0-4-gdea44cf6ec (webtiles) character file.

Game seed: 2093143009008114135

84 qw the Chopper (level 4, -3/26 HPs)
             Began as a Tengu Warper on Aug 28, 2022.
             Slain by Sigmund
             ... wielding a +0 scythe
              (11 damage)
             ... on level 3 of the Dungeon.
             The game lasted 00:00:15 (2948 turns).

qw the Chopper (Tengu Warper)                       Turns: 2948, Time: 00:00:16

Health: -3/26      AC:  3    Str: 13    XL:     4   Next: 46%
Magic:  8/8        EV: 12    Int: 14    God:
Gold:   196        SH:  0    Dex: 13    Spells: 7/7 levels left

rFire   . . .      SeeInvis .   Y - +0 hand axe
rCold   . . .      Faith    .   (no shield)
rNeg    . . .      Spirit   .   b - +0 leather armour
rPois   .          Reflect  .   (helmet restricted)
rElec   .          Harm     .   (no cloak)
rCorr   .          Rampage  .   (no gloves)
Will    .....                   (boots unavailable)
Stlth   +.........              (no amulet)
HPRegen 0.08/turn               (no ring)
MPRegen 0.11/turn               (no ring)

@: no status effects
A: beak, talons 3
a: no special abilities


You were on level 3 of the Dungeon.
You visited 1 branch of the dungeon, and saw 3 of its levels.

You collected 196 gold pieces.


Innate Abilities, Weirdness & Mutations

You have a beak for a mouth.
You have claws for feet.


   Skills:
 - Level 2.0 Fighting
 + Level 5.0 Axes
 - Level 1.0 Throwing
 - Level 1.1 Armour
 - Level 2.1 Dodging
 - Level 2.0 Spellcasting
 - Level 2.4 Translocations


You had 7 spell levels left.
You didn't know any spells.
Your spell library contained the following spells:

 Spells                   Type           Power      Damage    Failure   Level
 Blink                    Tloc           16%        N/A       17%         2
 Gell's Gravitas          Tloc           8%         N/A       34%         3
 Lesser Beckoning         Tloc           8%         N/A       34%         3
 Teleport Other           Tloc           8%         N/A       34%         3
 Manifold Assault         Tloc           8%         N/A       97%         5

Inventory:

Hand Weapons
 f - a +0 whip
 Y - a +0 hand axe (weapon)
Armour
 b - a +0 leather armour (worn)
Scrolls
 c - 2 scrolls of identify
 e - a scroll of butterflies {unknown}
 g - a scroll of enchant weapon {unknown}
Potions
 a - a potion of ambrosia {unknown}
 d - a potion of heal wounds
 h - 2 potions of curing {unknown}

Dungeon Overview and Level Annotations

Branches:
Dungeon (3/15)

Altars:
Trog

Shops:
D:2 (

Annotations:
D:3 Robin, Sigmund


Message History

You hit the hobgoblin.
You kill the hobgoblin!
You closely miss the goblin. You closely miss the hobgoblin.
Robin throws the goblin at you! The goblin barely misses you.
The goblin hits you with a +0 club.
You hit the goblin.
You kill the goblin!
You hit the hobgoblin. You closely miss the hobgoblin.
You closely miss the goblin. You barely miss the goblin.
The goblin hits you with a +0 club. The hobgoblin barely misses you.
The goblin hits you with a +0 club.
The hobgoblin hits you but does no damage.
The ball python closely misses you. The ball python misses you.
You barely miss the hobgoblin. Your kick misses the hobgoblin.
The hobgoblin is moderately wounded.
You hit the goblin.
You hit the hobgoblin. x2; You barely miss the ball python.
You completely miss the goblin. The hobgoblin barely misses you.
The goblin hits you with a +0 club. The goblin closely misses you.
The hobgoblin hits you but does no damage.
The hobgoblin closely misses you. The ball python barely misses you.
The ball python grabs you. The ball python constricts you.
The hobgoblin hits you. The hobgoblin barely misses you.
Something hits you but does no damage. The goblin hits you with a +0 club. x2
You closely miss the ball python. You peck the ball python.
You kill the ball python!
You hit the hobgoblin but do no damage. You hit the hobgoblin.
You barely miss the goblin. You hit the goblin.
You kill the goblin!
You closely miss the hobgoblin. The hobgoblin hits you.
The hobgoblin barely misses you. The goblin closely misses you.
You slash the hobgoblin!
You kill the hobgoblin!
You hit the goblin. x2
You kill the goblin!
You hit the goblin. You hit the hobgoblin. x2
You kill the hobgoblin!
Something hits you!
You die...

###..###
##...###
###...## ###
#...# #
#.).### ...
#...# #
#.##### ....
#...# #
#>#...#.....
#...# #
#.#...#.....
#...# #
#.#.........
#...# #
#.#gg)......
#...# #
#.#%@ggg....
##### #
#.#%%)g.....
#....#......
#...........
####........
####..###
#..# #..#
#..#
##########


You could see Robin, a hobgoblin and 4 goblins.

Vanquished Creatures
  A gnoll (D:1)
  A worm (D:3)
  A dart slug (D:3)
  5 endoplasms
  5 giant cockroaches
  12 goblins
  13 hobgoblins
  2 jackals (D:1)
  7 ball pythons
  3 bats
  2 frilled lizards
  4 kobolds
  8 rats
64 creatures vanquished.

Vanquished Creatures (others)
  3 withered plants (D:3)
3 creatures vanquished.

Grand Total: 67 creatures vanquished

Notes
Turn   | Place    | Note
-------+----------+-------------------------------------------
     0 | D:1      | qw the Tengu Warper began the quest for the Orb.
     0 | D:1      | Reached XP level 1. HP: 12/12 MP: 4/4
     0 | D:1      | 0 ||| qw: Version: 0.1-a-89-g26bdef1
     0 | D:1      | 0 ||| qw: Game counter: 760
     0 | D:1      | 0 ||| qw: Always use a shield: true
     0 | D:1      | 0 ||| qw: God list: Okawaru
     0 | D:1      | 0 ||| qw: Allow faded altars: false
     0 | D:1      | 0 ||| qw: Do Orc after D:15 true
     0 | D:1      | 0 ||| qw: Do second Lair branch before Depths: true
     0 | D:1      | 0 ||| qw: Lair rune preference: random
     0 | D:1      | 0 ||| qw: Plans: Normal
     0 | D:1      | 0 ||| PLANNING D:1-11
    54 | D:1      | 54 ||| Stepping ~*~*~tactically~*~*~ (stealth).
    67 | D:1      | 67 ||| Stepping ~*~*~tactically~*~*~ (stealth).
   226 | D:1      | Reached XP level 2. HP: 17/17 MP: 6/6
   233 | D:1      | Reached skill level 3 in Axes
   287 | D:1      | 287 ||| Stepping ~*~*~tactically~*~*~ (hiding).
   288 | D:1      | 288 ||| Stepping ~*~*~tactically~*~*~ (hiding).
   450 | D:1      | 450 ||| Stepping ~*~*~tactically~*~*~ (stealth).
   494 | D:1      | Reached XP level 3. HP: 12/21 MP: 7/7
   652 | D:1      | 652 ||| Stepping ~*~*~tactically~*~*~ (stealth).
   654 | D:1      | 654 ||| Stepping ~*~*~tactically~*~*~ (stealth).
   657 | D:1      | 657 ||| Stepping ~*~*~tactically~*~*~ (stealth).
   794 | D:1      | Reached skill level 4 in Axes
  1281 | D:1      | 1281 ||| READING 2 scrolls labelled VOAZOE DOAPOI.
  1282 | D:1      | 1282 ||| READING scroll labelled QIBISA YPNODD.
  1283 | D:1      | 1283 ||| READING scroll labelled HANIGAS UBRILU.
  1284 | D:1      | 1284 ||| DROPPING scroll of vulnerability.
  1285 | D:1      | 1285 ||| DROPPING scroll of blinking.
  1286 | D:1      | 1286 ||| Stepping randomly (stuck).
  1287 | D:1      | 1287 ||| Stepping ~*~*~tactically~*~*~ (cloud).
  1292 | D:1      | HP: 5/21 [poisoned by you (poison gas)]
  1619 | D:2      | Found a bloodstained altar of Trog.
  1627 | D:2      | Found Vueg's Antique Weapon Emporium.
  1632 | D:2      | 1632 ||| Stepping randomly (stuck).
  1633 | D:2      | 1633 ||| Stepping randomly (stuck).
  1653 | D:2      | 1653 ||| SHOPLISTING glowing flail (156 gold, have 97).
  1823 | D:2      | 1823 ||| Stepping ~*~*~tactically~*~*~ (stealth).
  1824 | D:2      | 1824 ||| Stepping ~*~*~tactically~*~*~ (stealth).
  2051 | D:2      | 2051 ||| Stepping ~*~*~tactically~*~*~ (stealth).
  2275 | D:2      | 2275 ||| DROPPING ring of magical power.
  2276 | D:2      | 2276 ||| READING scroll labelled ECHIWNEERR.
  2277 | D:2      | 2277 ||| READING 2 scrolls labelled KUONUF XOECAN.
  2278 | D:2      | 2278 ||| DRINKING 2 white potions.
  2279 | D:2      | 2279 ||| DROPPING potion of attraction.
  2280 | D:2      | 2280 ||| DROPPING scroll of fear.
  2409 | D:3      | Reached XP level 4. HP: 26/26 MP: 8/8
  2410 | D:3      | 2410 ||| DRINKING 2 black potions.
  2656 | D:3      | 2656 ||| Stepping ~*~*~tactically~*~*~ (stealth).
  2939 | D:3      | Noticed Sigmund
  2940 | D:3      | Noticed Robin
  2944 | D:3      | Reached skill level 5 in Axes
  2948 | D:3      | Slain by Sigmund

Levels and vault maps discovered:
D:1:      dpeg_arrival_tiny_a, layout_basic, minmay_fountain_box,
          minmay_misc_feat_tower, minmay_close_crescents
D:2:      layout_loops_ring, serial_shops, nicolae_square_shop, basic_altar
D:3:      layout_basic, ebering_ecumenical_altar_petrified, minmay_surrounded,
          uniq_sigmund, uniq_robin

Skill      XL: |  1  2  3  4 |
---------------+-------------+-----
Axes           | 3 4 5 |  5.0
Fighting       | |  2.0
Throwing       | |  1.0
Armour         | |  1.1
Dodging        | |  2.1
Spellcasting   | |  2.0
Translocations | |  2.4

Action                   |  1- 3 |  4- 6 || total
-------------------------+-------+-------++-------
Melee: Hand axe          |    81 |    40 ||   121
       Kick              |    21 |    10 ||    31
       Peck              |    11 |     7 ||    18
Throw: Boomerang         |     7 |       ||     7
  Use: Scroll            |     5 |       ||     5
       Potion            |     1 |     1 ||     2
Armor: Leather armour    |    11 |    13 ||    24
Dodge: Dodged            |    33 |    28 ||    61

Table legend:
 A = Non-vault XP
 B = Vault XP
 C = Vault XP percentage of total XP
 D = Non-vault monster count
 E = Vault monster count
 F = Vault count percentage of total count
                 A         B        C        D         E       F
            +---------+---------+-------+---------+---------+-------
      Total |     100 |      27 |  21.3 |      49 |      15 |  23.4
            +---------+---------+-------+---------+---------+-------
        D:1 |      50 |       5 |   9.1 |      21 |       4 |  16.0
        D:2 |      20 |       0 |   0.0 |      12 |       0 |   0.0
        D:3 |      30 |      22 |  42.3 |      16 |      11 |  40.7
            +---------+---------+-------+---------+---------+-------
